 Dungeon Crawl Stone Soup version 0.20.1-1-g8b1a95d (webtiles) character file.

128 Linguinho the Chucker (level 4, 0/41 HPs)
             Began as a Troll Hunter on Nov 14, 2017.
             Slain by a gnoll
             ... wielding a +0 spear
              (4 damage)
             ... on level 3 of the Dungeon.
             The game lasted 00:03:02 (1798 turns).

Linguinho the Chucker (Troll Hunter)                Turns: 1798, Time: 00:03:02

Health: 0/41       AC:  5    Str: 21    XL:     4   Next: 87%
Magic:  3/3        EV: 10    Int:  7    God:
Gold:   168        SH:  0    Dex: 10    Spells: 3/3 levels left

rFire    . . .     SeeInvis .   v - +2 whip (elec)
rCold    . . .     Gourm    +   (no shield)
rNeg     . . .     Faith    .   b - +0 robe
rPois    .         Spirit   .   (helmet restricted)
rElec    .         Reflect  .   (no cloak)
rCorr    .         Harm     .   (gloves unavailable)
MR       .....                  (boots unavailable)
Stlth    +.........             (no amulet)
Regen    0.6/turn               (no ring)
MPRegen  0.1/turn               (no ring)

@: no status effects
A: unfitting armour, claws 3, fast metabolism 3, gourmand, regeneration 1,
shaggy fur 1, tough skin 2
a: no special abilities


You were on level 3 of the Dungeon.
You were completely stuffed.

You visited 1 branch of the dungeon, and saw 3 of its levels.

You collected 168 gold pieces.

Inventory:

Hand Weapons
 l - a +0 club
 v - a +2 whip of electrocution (weapon)
Missiles
 c - 7 large rocks (quivered)
 d - 2 throwing nets
Armour
 b - a +0 robe (worn)
 s - a +0 cloak
Jewellery
 n - an uncursed ring of ice {unknown}
Scrolls
 a - a scroll of blinking {unknown}
 e - 2 scrolls of fog {unknown}
 g - a scroll of random uselessness {unknown}
 h - 2 scrolls of remove curse {unknown}
 k - 2 scrolls of identify {unknown}
 p - 6 scrolls of teleportation {unknown}
 t - a scroll of noise {unknown}
 u - a scroll of recharging {unknown}
 w - a scroll of enchant weapon {unknown}
Potions
 i - a potion of degeneration {unknown}
 j - a potion of mutation {unknown}
 m - a potion of lignification {unknown}
 o - a potion of heal wounds {unknown}
 q - a potion of invisibility {unknown}
 z - a potion of brilliance {unknown}
 A - 2 potions of curing {unknown}
Comestibles
 f - 4 bread rations
 r - 2 meat rations
 x - 4 chunks of flesh
 B - a fruit


   Skills:
 + Level 1.6 Fighting
 * Level 1.1 Maces & Flails
 * Level 4.6 Throwing
 + Level 2.0 Dodging
 - Level 0.3 Stealth
 * Level 2.2 Unarmed Combat


You had 3 spell levels left.
You didn't know any spells.

Dungeon Overview and Level Annotations

Branches:
Dungeon (3/15)

Altars:


Innate Abilities, Weirdness & Mutations

You are too large for most types of armour.
You have claws for hands.
Your metabolism is lightning-fast.
You like to eat raw meat.
Your natural rate of healing is unusually fast.
You are covered in fur. (AC +1)
You have very tough skin. (AC +2)


Message History

The gnoll is lightly wounded.
The gnoll closely misses you.
You hit the gnoll.
The gnoll is heavily wounded.
The gnoll barely misses you.
You closely miss the gnoll.
The gnoll is heavily wounded.
The gnoll closely misses you.
You barely miss the gnoll.
The gnoll is heavily wounded.
The gnoll hits you with a spear.
* * * LOW HITPOINT WARNING * * *
You barely miss the gnoll.
The gnoll is moderately wounded.
The gnoll hits you with a spear.
* * * LOW HITPOINT WARNING * * *
You closely miss the gnoll.
The gnoll is moderately wounded.
The gnoll hits you with a spear.
You die...

#........g..g.# ####......
......##.####.# #......###.
..###. #.# #.# #####.......<..
..#≈#. #.# #.# #...........<..
#.###.##.####.#####.#######......
#.....#..)...(......# #.#..##
#######.............# ##.#..# .#
#...........g...## #.....## .#
#.##.###..)..@..# #.#..... .#
#.##.# ##...÷..<# #.....##
.###.##.# ##.##.#.# ####..#
.....##.# #...#.#.# #..#
........####.#.#.#.# #..##
##..##..##...#...#.# ##....
$#..##.....#####...# #...##
##.###.###...#...### ##.#.## ...#
#.# ###.#.#.##########...^.#


You could see a gnoll.

Vanquished Creatures
  An iguana (D:3)
  4 gnolls
  An adder (D:2)
  A worm (D:2)
  4 leopard geckos
  A ball python (D:2)
  2 giant cockroaches (D:2)
  4 goblins
  5 hobgoblins
  4 jackals (D:2)
  3 kobolds (D:2)
  A quokka (D:3)
  5 bats
  6 frilled lizards
  5 rats
47 creatures vanquished.

Notes
Turn   | Place    | Note
-------+----------+-------------------------------------------
     0 | D:1      | Linguinho the Troll Hunter began the quest for the Orb.
     0 | D:1      | Reached XP level 1. HP: 19/19 MP: 0/0
    20 | D:1      | Noticed an electric eel
    33 | D:1      | Reached skill level 4 in Throwing
    33 | D:1      | Reached XP level 2. HP: 27/27 MP: 1/1
   618 | D:2      | Reached XP level 3. HP: 33/33 MP: 2/2
   667 | D:2      | Reached skill level 1 in Unarmed Combat
  1591 | D:3      | Reached XP level 4. HP: 41/41 MP: 3/3
  1761 | D:3      | Reached skill level 1 in Maces & Flails
  1798 | D:3      | Slain by a gnoll

Skill      XL: |  1  2  3  4 |
---------------+-------------+-----
Throwing       | 4 |  4.6
Unarmed Combat | 1 2 |  2.2
Maces & Flails | 1 |  1.1
Dodging        | 2 |  2.0
Fighting       | |  1.6
Stealth        | |  0.3

Action                   |  1- 3 |  4- 6 || total
-------------------------+-------+-------++-------
Melee: Unarmed           |    84 |       ||    84
       Whip              |    27 |    21 ||    48
       Punch             |     1 |       ||     1
Throw: Large rock        |       |     2 ||     2
 Stab: Sleeping          |     2 |       ||     2
  Eat: Chunk             |    20 |     2 ||    22
Armor: Robe              |    76 |     1 ||    77
Dodge: Dodged            |    81 |    11 ||    92
